 Dungeon Crawl Stone Soup version 0.28.0-53-g5a82cb258f (webtiles) character file.

Game seed: 3276712729285422129

2226 Esteco1 the Shield-Bearer (level 9, -3/79 HPs)
             Began as a Minotaur Fighter on May 23, 2022.
             Was an Elder of Dithmenos.
             Slain by a gnoll sergeant
             ... wielding the +8 spear of the Fulmar {venom, Will+ Dex+4 Stlth+}
              (12 damage)
             ... on level 7 of the Dungeon.
             The game lasted 00:55:31 (7073 turns).

Esteco1 the Shield-Bearer (Minotaur Fighter)        Turns: 7073, Time: 00:55:32

Health: -3/79      AC: 13    Str: 24    XL:     9   Next: 14%
Magic:  8/8        EV: 13    Int:  5    God:    Dithmenos [****..]
Gold:   365        SH:  5    Dex: 11    Spells: 8/8 levels left

rFire   . . .      SeeInvis .   M - +4 mace of Prudence {venom, *Corrode Fly rPois rC-}
rCold   x . .      Faith    .   c - +0 buckler
rNeg    . . .      Spirit   .   F - +0 shadow dragon scales
rPois   +          Reflect  .   (helmet restricted)
rElec   .          Harm     .   (no cloak)
rCorr   .          Rampage  .   (no gloves)
Will    .....                   (no boots)
Stlth   +++.......              (no amulet)
HPRegen 0.23/turn               d - +4 ring of evasion
MPRegen 0.11/turn               y - ring of poison resistance

@: flying, wreathed by umbra
A: horns 2, retaliatory headbutt
a: Renounce Religion, Shadow Step


You were on level 7 of the Dungeon.
You worshipped Dithmenos.
Dithmenos was greatly pleased with you.
You visited 2 branches of the dungeon, and saw 8 of its levels.
You also visited: Ossuary.

You collected 365 gold pieces.

Inventory:

Hand Weapons
 a - a +1 long sword
 j - a +0 giant club
 p - a +0 halberd of freezing
 v - a +0 flail
 w - a +0 halberd
 x - a +1 morningstar of protection
 K - a +1 short sword of protection
 M - the +4 mace of Prudence (weapon) {venom, *Corrode Fly rPois rC-}
   (You found it on level 7 of the Dungeon)

   It poisons the flesh of those it strikes.
   rC:        It makes you vulnerable to cold.
   rPois:     It protects you from poison.
   Fly:       It grants you flight.
   *Corrode:  It may corrode you when you take damage.
Missiles
 k - 2 throwing nets
 l - 235 stones (quivered)
 n - 65 sling bullets
 q - 31 poisoned darts
 C - 95 arrows
 E - 39 bolts
 G - 5 boomerangs
Armour
 b - a +0 scale mail
 c - a +0 buckler (worn)
 i - a +0 plate armour
 B - a +2 robe of willpower
 F - +0 shadow dragon scales (worn)
 Y - a +3 leather armour
Magical Staves
 D - a staff of death
Jewellery
 d - a +4 ring of evasion (left hand)
 o - a ring of magical power
 t - a ring of positive energy
 y - a ring of poison resistance (right hand)
Wands
 Z - a wand of mindburst (8)
Scrolls
 e - a scroll of fog
 f - a scroll of immolation {unknown}
 h - 5 scrolls of identify
 s - 2 scrolls of blinking {unknown}
 A - a scroll of enchant armour {unknown}
 H - 2 scrolls of teleportation {unknown}
 P - 6 scrolls of magic mapping
 T - 2 scrolls of enchant weapon
 U - 2 scrolls of amnesia {unknown}
 V - 2 scrolls of fear {unknown}
Potions
 g - a potion of heal wounds {unknown}
 m - a potion of lignification
 r - 2 potions of might
 u - 2 potions of invisibility {unknown}
 z - 2 potions of curing
 I - 4 potions of mutation {unknown}
 J - a potion of ambrosia
 L - 2 potions of attraction {unknown}
 N - 2 potions of haste {unknown}
 O - 4 potions of flight
 Q - a potion of brilliance {unknown}
 R - a potion of degeneration {unknown}
 S - 2 potions of berserk rage {unknown}
 W - 2 potions of cancellation {unknown}


   Skills:
 + Level 7.5 Fighting
 - Level 6.7 Long Blades
 + Level 2.6 Maces & Flails
 * Level 7.7 Armour
 + Level 4.4 Dodging
 * Level 7.7 Shields


You had 8 spell levels left.
You didn't know any spells.
Your spell library contained the following spells:

 Spells                   Type           Power      Damage    Failure   Level
 Fireball                 Conj/Fire      0%         3d3       100%        5
 Iskenderun's Battlesphe  Conj           0%         2d6       100%        5
 Iron Shot                Conj/Erth      0%         9d1       100%        6
 Starburst                Conj/Fire      0%         6d3       100%        6
 Spellforged Servitor     Conj/Summ      0%         N/A       100%        7
 Ignition                 Fire           0%         3d3       100%        8


Dungeon Overview and Level Annotations

Branches:
Dungeon (7/15)             Temple (1/1) D:5         Ossuary (visited)

Altars:
Ashenzari
Dithmenos
Fedhas
Gozag
Hepliaklqana
Kikubaaqudgha
Makhleb
Nemelex Xobeh
Qazlal
Trog
Uskayaw
Vehumet
Xom
Zin

Annotations:
D:6 2 transporters
D:7 1 transporter, jaiteiro's ghost, novice GnWn


Innate Abilities, Weirdness & Mutations

You have a pair of horns on your head.
You reflexively headbutt those who attack you in melee.


Message History

* * * LOW HITPOINT WARNING * * *
You barely miss the gnoll shaman.
Your shadow barely misses the gnoll shaman.
You feel sick.
You are no longer poisoned.
The gnoll shaman hits you but does no damage.
You thump the gnoll shaman!
The gnoll shaman is moderately wounded.
The gnoll shaman hits you with a +0 club!
* * * LOW HITPOINT WARNING * * *
The gnoll shaman misses you. You furiously retaliate!
You headbutt the gnoll shaman.
You feel better. You block the gnoll shaman's attack.
You hit the gnoll shaman but do no damage.
The gnoll shaman is poisoned.
You headbutt the gnoll shaman!
You kill the gnoll shaman!
Dithmenos accepts your kill. The gnoll sergeant barely misses you.
The gnoll sergeant hits you with the +8 spear of the Fulmar {venom, Will+ Dex+4 Stlth+}!
* * * LOW HITPOINT WARNING * * *
There is an open translucent door, spattered with blood here.
Items here: )) [ †.
You feel better. The gnoll sergeant barely misses you. You furiously retaliate!
You headbutt the gnoll sergeant!
You hit the gnoll sergeant but do no damage.
The gnoll sergeant is heavily wounded.
You are no longer corroded.
You block the gnoll sergeant's attack.
The gnoll sergeant hits you with the +8 spear of the Fulmar {venom, Will+ Dex+4 Stlth+}.
* * * LOW HITPOINT WARNING * * *
The gnoll sergeant blocks your attack.
The gnoll sergeant is heavily wounded.
The gnoll sergeant misses you. The gnoll sergeant blocks your attack.
The gnoll sergeant is heavily wounded.
You block the gnoll sergeant's attack. x2
The gnoll sergeant blocks your attack.
You headbutt the gnoll sergeant.
The gnoll sergeant is heavily wounded.
The gnoll sergeant hits you with the +8 spear of the Fulmar {venom, Will+ Dex+4 Stlth+}!
You die...

#############.............#
..........................#
≈≈≈≈≈≈≈≈≈≈...≈≈≈≈≈≈≈≈≈≈≈..#
≈≈≈≈≈≈≈≈≈≈...≈≈≈≈≈≈≈≈≈≈≈..#
##...........#####≈≈..#
#..≈≈#.8.#.###.©.###.#g8.#≈≈..#
#..≈≈#. .###.#####.###...#≈≈..#
#..≈≈###.......).).....###≈≈..#
#..≈≈.8#.######@###'##.#8.≈≈..#
#..≈≈.##.#$!W#8gP#..P#.##.≈≈..#
#..≈≈[#..'$.:#⌠©.....'..#.≈≈..#
#..≈≈.##.#$$=#8.P#P.P#.##.≈≈..#
#..≈≈.8#.######'###'##.#8.≈≈..#
#..≈≈###.g.g...........###≈≈..#
##..≈≈#...###.#####©###..g#≈≈..#
....≈≈#.8g#.###.©.###.#.8.#≈≈..##
###.≈≈#####...........#####≈≈...#


You could see a gnoll sergeant.

Vanquished Creatures
  Pikel (D:5)
  A sky beast (D:5)
  2 orc warriors (D:7)
  An ogre (D:4)
  A centaur (D:4)
  2 phantoms
  A kobold brigand (D:6)
  A gnoll sergeant (D:7)
  The ghost of Peloso the Covered, a weakling MiFi (D:3)
  3 jellies
  A gnoll shaman (D:7)
  An orc priest (D:3)
  2 centaur skeletons
  3 hounds
  Jessica (D:2)
  2 iguanas (D:5)
  An orc wizard (D:7)
  13 mummies (Ossuary)
  8 adders
  14 gnolls
  A shadow imp (D:7)
  3 white imps
  An ufetubus (D:5)
  2 adder skeletons (D:4)
  5 worms
  2 dart slugs
  19 orcs
  7 bats
  6 endoplasms
  2 giant cockroaches
  12 goblins
  14 hobgoblins
  3 jackals (D:2)
  30 kobolds
  5 quokkas
  6 ball pythons
  7 frilled lizards
  3 gnoll skeletons (Ossuary)
  2 goblin skeletons (Ossuary)
  2 kobold skeletons (Ossuary)
  An orc skeleton (Ossuary)
  6 rats
  11 rat skeletons (Ossuary)
210 creatures vanquished.

Vanquished Creatures (others)
  A plant (D:7)
1 creature vanquished.

Grand Total: 211 creatures vanquished

Notes
Turn   | Place    | Note
-------+----------+-------------------------------------------
     0 | D:1      | Esteco1 the Minotaur Fighter began the quest for the Orb.
     0 | D:1      | Reached XP level 1. HP: 19/19 MP: 0/0
   157 | D:1      | Reached XP level 2. HP: 19/27 MP: 1/1
   534 | D:1      | Found a faded altar of an unknown god.
   545 | D:1      | Prayed at the altar of an unknown god.
   545 | D:1      | Became a worshipper of Dithmenos the Shadowed
   545 | D:1      | Reached * piety under Dithmenos
   985 | D:1      | Reached XP level 3. HP: 24/33 MP: 2/2
  1287 | D:2      | Reached XP level 4. HP: 20/40 MP: 3/3
  1516 | D:2      | Noticed Jessica
  1523 | D:2      | Killed Jessica
  1561 | D:2      | Reached ** piety under Dithmenos
  1820 | D:2      | Reached XP level 5. HP: 47/47 MP: 4/4
  2629 | D:3      | Found a runed translucent gate.
  2630 | D:3      | Found a runed translucent gate.
  2630 | D:3      | Found a runed translucent gate.
  2631 | D:3      | Noticed Peloso's ghost (weakling MiFi)
  2700 | D:3      | Killed Peloso's ghost
  2764 | D:3      | Found a glowing silver altar of Zin.
  2843 | D:3      | Found a broken altar of Ashenzari.
  2942 | D:3      | Reached skill level 1 in Maces & Flails
  2942 | D:3      | Reached skill level 5 in Armour
  2962 | D:3      | Reached skill level 5 in Shields
  2966 | D:3      | Reached skill level 5 in Fighting
  3485 | D:4      | Noticed a phantom
  3492 | D:4      | Killed a phantom
  3493 | D:4      | Reached XP level 6. HP: 49/56 MP: 5/5
  3923 | D:4      | Found a sand-covered staircase.
  3928 | Ossuary  | Entered an ossuary
  3969 | Ossuary  | Reached *** piety under Dithmenos
  3970 | Ossuary  | Reached XP level 7. HP: 60/61 MP: 6/6
  4031 | Ossuary  | Reached skill level 1 in Dodging
  4325 | Ossuary  | Reached skill level 5 in Long Blades
  4848 | D:5      | Entered Level 5 of the Dungeon
  5034 | D:5      | Noticed Pikel
  5063 | D:5      | Killed Pikel
  5063 | D:5      | Reached **** piety under Dithmenos
  5064 | D:5      | Reached XP level 8. HP: 56/71 MP: 7/7
  5135 | D:5      | Found a radiant altar of Vehumet.
  5330 | D:5      | Found a staircase to the Ecumenical Temple.
  5379 | Temple   | Entered the Ecumenical Temple
  6139 | D:6      | Found an ancient bone altar of Kikubaaqudgha.
  6320 | D:6      | Found a transporter.
  6331 | D:6      | Found a transporter.
  6331 | D:6      | Noticed a manticore
  6339 | D:6      | You fall into a shaft and drop 1 floor!
  6473 | D:7      | Identified the +4 mace of Prudence {venom, *Corrode Fly
                  | rPois rC-}
  6507 | D:7      | Reached XP level 9. HP: 35/79 MP: 8/8
  6981 | D:7      | Identified the +8 spear of the Fulmar {venom, Will+ Dex+4
                  | Stlth+}
  6995 | D:7      | Noticed jaiteiro's ghost (novice GnWn)
  7003 | D:7      | Found a transporter.
  7031 | D:7      | Found a transporter.
  7065 | D:7      | HP: 3/79 [gnoll shaman/+0 club (10)]
  7068 | D:7      | HP: 1/79 [gnoll sergeant/the +8 spear of the Fulmar {venom,
                  | Will+ Dex+4 Stlth+} (11)]
  7073 | D:7      | Slain by a gnoll sergeant

Illustrated notes

Levels and vault maps discovered:
D:1:      minmay_arrival_five_plusses, layout_loops_corners,
          ebering_ecumenical_altar_mist, minmay_misc_feat_plants, moated_statue
D:2:      layout_loops_cross, uniq_jessica
D:3:      kennysheep_six_static_rooms, layout_basic, zin_academy,
          mainiacjoe_overflow_brackets, ebering_ghost_rock_garden,
          nrook_mini_backslash, minmay_cut_off
D:4:      layout_rooms, enter_ossuary_2, minmay_checkerbox
D:5:      corexii_shantytown, layout_rooms, mainiacjoe_overflow_alcove_1,
          minmay_temple_entry_butterflies, grunt_ministairs_9, uniq_pikel
D:6:      minmay_angry_zag, layout_cave_pools, gammafunk_temple_overflow_arena,
          mainiacjoe_overflow_surrounded_room, mrwooster_statue_mirror,
          uniq_blork_the_orc
D:7:      layout_basic, okawaru_humans, gammafunk_ghost_gnarly_gnolls,
          serial_bayou_pond_d, minmay_misc_feat_ornament
Temple:   regret_index_temple_waves

Skill      XL: |  1  2  3  4  5  6  7  8 |
---------------+-------------------------+-----
Armour         | 4 5 6 7 |  7.7
Fighting       | 4 5 6 7 |  7.5
Shields        | 4 5 6 7 |  7.7
Long Blades    | 3 4 6 |  6.7
Maces & Flails | 1 2 |  2.6
Dodging        | 3 4 |  4.4

Action                   |  1- 3 |  4- 6 |  7- 9 || total
-------------------------+-------+-------+-------++-------
Melee: Long sword        |    72 |   165 |   227 ||   464
       Headbutt          |     8 |    21 |    60 ||    89
       Mace              |       |       |    45 ||    45
Throw: Stone             |     1 |       |       ||     1
  Use: Scroll            |       |     5 |     1 ||     6
       Potion            |       |     5 |     2 ||     7
 Stab: Sleeping          |       |     6 |    16 ||    22
Armor: Scale mail        |    24 |    31 |       ||    55
       Shadow dragon sca |       |    33 |    91 ||   124
       Skin              |       |     2 |       ||     2
Dodge: Dodged            |    38 |    58 |   111 ||   207
Block: Buckler           |    12 |    24 |    58 ||    94
